Map: Acid Plant LE

Players

ILIEKEGGPIE

  • Race: Protoss Protoss
  • League: Platinum
  • Spawn Location: 11:00

Zero - Winner!

  • Race: Terran Terran
  • League: Platinum
  • Spawn Location: 5:00

VOD

Have the link to the VOD?

Description

Time

  • Played on: April 10, 2018, 12:54 p.m.
  • Length: 5:07
Show
View Real Time Build Order
Export as new Build Order

ILIEKEGGPIE Protoss 

Build Orders: 1 Gate Expand 

Get SALT Encoding   

  12  0:00  Probe  
  13  0:12  Probe  
  14  0:18  Pylon  
  14  0:25  Probe (Chrono Boost)  
  15  0:37  Probe (Chrono Boost)  
  15  0:39  Gateway  
  16  0:47  Probe (Chrono Boost)  
  17  0:52  Assimilator  
  17  1:04  Probe  
  18  1:12  Pylon  
  18  1:30  Cybernetics Core  
  18  1:42  Nexus  
  18  1:45  Probe (Chrono Boost)  
  19  1:57  Probe (Chrono Boost)  
  19  2:01  Assimilator  
  20  2:03  Stalker (Chrono Boost)  
  20  2:08  Warp Gate  
  22  2:16  Probe  
  23  2:28  Probe  
  24  2:40  Gateway, Probe  
  25  2:47  Robotics Facility  
  25  2:52  Probe (Chrono Boost)  
  27  2:59  Probe (Chrono Boost)  
  27  3:04  Probe (Chrono Boost)  
  27  3:05  Stalker  
  28  3:10  Probe (Chrono Boost)  
  28  3:11  Probe (Chrono Boost)  
  32  3:19  Probe  
  33  3:32  Gateway  
  33  3:35  Observer  
  33  3:40  Stalker (Chrono Boost), Gateway  
  34  3:47  Probe x2  
  38  4:02  Probe (Chrono Boost)  
  40  4:03  Probe (Chrono Boost)  
  40  4:05  Assimilator  
  40  4:06  Immortal (Chrono Boost)  
  44  4:11  Probe (Chrono Boost)  
  44  4:14  Probe (Chrono Boost)  
  46  4:35  Pylon  
  46  4:36  Pylon  
  46  4:53  Nexus  
  46  5:00  Pylon  
Show
View Real Time Build Order
Export as new Build Order

Zero Terran - Winner!

Build Orders: Cyclone Opening 

Get SALT Encoding   

  12  0:02  SCV  
  13  0:14  SCV  
  14  0:20  Supply Depot  
  14  0:26  Refinery  
  14  0:28  SCV  
  15  0:41  SCV  
  16  0:46  Barracks  
  16  0:53  SCV  
  17  0:57  Refinery  
  17  1:05  SCV  
  18  1:17  SCV  
  19  1:36  Barracks Reactor  
  19  1:37  Factory  
  19  1:40  Orbital Command  
  19  1:53  Supply Depot  
  19  2:28  Cyclone x2  
  25  2:32  Supply Depot, SCV  
  26  2:48  SCV  
  27  3:00  Cyclone x2  
  27  3:03  Supply Depot, SCV  
  34  3:18  Barracks Tech Lab  
  34  3:20  Factory  
  34  3:21  SCV  
  35  3:33  Supply Depot, SCV  
  36  3:42  Cyclone  
  39  3:49  Cyclone  
  39  3:54  SCV  
  43  4:12  Barracks Reactor  
  43  4:20  Command Center  
  43  4:30  Cyclone  
  46  4:32  Hellion  
Tags
 
Add a new tag
Caveats
  • Supply blocks, unpowered buildings, or Contaminate may cause inaccurate times.
  • Supply counts are checked every 10 seconds.